PL
AUSTIN RANGERS @ ATLANTA SMOKE
07/18/2029
 
TOP OF THE 1ST
Austin Rangers batting - Pitching for Atlanta Smoke : LHP Allen Blair
Pitching: LHP Allen Blair
Batting: RHB Jesús Villalba 0-0: Swinging Strike
0-1: Ball
1-1: Swinging Strike
1-2: Ball
2-2: Ball
3-2: SINGLE (Groundball, 34D)
Batting: RHB Tony Hernández 0-0: Ball
1-0: Called Strike
1-1: Ball
2-1: Grounds into double play, 4-6-3 (Groundball, 4)
Batting: RHB Yoshihito Samurakami 0-0: Called Strike
0-1: Ball
1-1: Foul Ball, location: 2F
1-2: Ball
2-2: Ground out 5-3 (Groundball, 56)
Top of the 1st over - 0 runs, 1 hit, 0 errors, 0 left on base; Austin 0 - Atlanta 0
BOTTOM OF THE 1ST
Atlanta Smoke batting - Pitching for Austin Rangers : LHP Will Hunting
Pitching: LHP Will Hunting
Batting: RHB Bartolo Morales 0-0: Called Strike
0-1: Ball
1-1: Ball
2-1: Ball
3-1: Base on Balls
Batting: RHB Casey Cavell 0-0: Ball
1-0: Ball
2-0: Ball
3-0: Called Strike
3-1: Swinging Strike
3-2: SINGLE (Groundball, 25) (infield hit)
Bartolo Morales to second
Batting: LHB Albert Morán 0-0: Called Strike
0-1: Fly out, F5 (Line Drive, 5S)
Batting: LHB Yataro Kodo 0-0: Fly out, F6 (Popup, 6MS)
Batting: SHB Valentín Guzmán 0-0: Swinging Strike
0-1: Ball
1-1: Fielders Choice at 2nd, 5-4 (Groundball, 56)
Bottom of the 1st over - 0 runs, 1 hit, 0 errors, 2 left on base; Austin 0 - Atlanta 0
TOP OF THE 2ND
Austin Rangers batting - Pitching for Atlanta Smoke : LHP Allen Blair
Batting: LHB Count Dante 0-0: Ball
1-0: Foul Ball, location: 2F
1-1: Ball
2-1: Swinging Strike
2-2: Ball
3-2: Foul Ball, location: 2F
3-2: Strikes out swinging
Batting: RHB Miguel Morán 0-0: Ball
1-0: Foul Ball, location: 2F
1-1: TRIPLE (Flyball, 89XD)
Batting: LHB Jesús Reyes 0-0: Called Strike
0-1: Foul Ball, location: 2F
0-2: Ball
1-2: Ball
2-2: Strikes out swinging
Batting: RHB Jesús Vásquez 0-0: Foul Ball, location: 2F
0-1: Ball
1-1: Ball
2-1: Ball
3-1: Called Strike
3-2: Foul Ball, location: 2F
3-2: Foul Ball, location: 2F
3-2: Base on Balls
Batting: RHB Freddy Torres 0-0: SINGLE (Line Drive, 7S)
Miguel Morán scores
Jesús Vásquez to second
Batting: LHB Stefan Vanderhoof 0-0: Foul Ball, location: 2F
0-1: Foul Ball, location: 2F
0-2: Strikes out swinging
Top of the 2nd over - 1 run, 2 hits, 0 errors, 2 left on base; Austin 1 - Atlanta 0
BOTTOM OF THE 2ND
Atlanta Smoke batting - Pitching for Austin Rangers : LHP Will Hunting
Batting: RHB Gabriel Maldonado 0-0: SINGLE (Groundball, 6MD)
Batting: RHB Bobby Butterfield 0-0: SINGLE (Flyball, 89S)
Gabriel Maldonado to second
Batting: RHB Gerardo Castillo 0-0: Foul Ball, location: 2F
0-1: Ball
1-1: Foul Ball, location: 2F
1-2: Ground out 6-3 (Groundball, 6MS)
Gabriel Maldonado to third
Bobby Butterfield to second
Batting: SHB Melito Báez 0-0: Ball
1-0: Ball
2-0: Called Strike
2-1: Ball
3-1: Base on Balls
Batting: RHB Bartolo Morales 0-0: Ball
1-0: Foul Ball, location: 2F
1-1: Swinging Strike
1-2: Ball
Wild Pitch!
Gabriel Maldonado scores
Bobby Butterfield to third
Melito Báez to second
2-2: Ground out 3-1 (Groundball, 34)
Bobby Butterfield scores
Melito Báez to third
Batting: RHB Casey Cavell 0-0: Ball
1-0: Swinging Strike
1-1: Swinging Strike
1-2: Ball
2-2: Ball
3-2: Foul Ball, location: 2F
3-2: Strikes out swinging
Bottom of the 2nd over - 2 runs, 2 hits, 0 errors, 1 left on base; Austin 1 - Atlanta 2
TOP OF THE 3RD
Austin Rangers batting - Pitching for Atlanta Smoke : LHP Allen Blair
Batting: RHB Jesús Villalba 0-0: Called Strike
0-1: Called Strike
0-2: Strikes out swinging
Batting: RHB Tony Hernández 0-0: Ball
1-0: Ball
2-0: SINGLE (Line Drive, 34D)
Batting: RHB Yoshihito Samurakami 0-0: Ball
1-0: Ball
2-0: Called Strike
2-1: Fly out, F7 (Line Drive, 7LD)
Batting: LHB Count Dante 0-0: Called Strike
0-1: Fielders Choice at 2nd, 6-4 (Groundball, 6)
Top of the 3rd over - 0 runs, 1 hit, 0 errors, 1 left on base; Austin 1 - Atlanta 2
BOTTOM OF THE 3RD
Atlanta Smoke batting - Pitching for Austin Rangers : LHP Will Hunting
Batting: LHB Albert Morán 0-0: Ball
1-0: Called Strike
1-1: Foul Ball, location: 2F
1-2: Foul Ball, location: 2F
1-2: SINGLE (Groundball, 34D)
Batting: LHB Yataro Kodo 0-0: Ball
1-0: Ball
2-0: Foul Ball, location: 2F
2-1: Fly out, F9 (Flyball, 89S)
Batting: SHB Valentín Guzmán 0-0: Fly out, F7 (Flyball, 7S)
Batting: RHB Gabriel Maldonado 0-0: Ball
1-0: Ball
2-0: Called Strike
2-1: Ball
3-1: Foul Ball, location: 2F
3-2: Fly out, F3 (Popup, 23)
Bottom of the 3rd over - 0 runs, 1 hit, 0 errors, 1 left on base; Austin 1 - Atlanta 2
TOP OF THE 4TH
Austin Rangers batting - Pitching for Atlanta Smoke : LHP Allen Blair
Batting: RHB Miguel Morán 0-0: Ball
1-0: Called Strike
1-1: SINGLE (Groundball, 4D)
Batting: LHB Jesús Reyes 0-0: Ball
1-0: Ball
2-0: Foul Ball, location: 2F
2-1: Called Strike
2-2: Ground out 4-3 (Groundball, 4S)
Miguel Morán to second
Batting: RHB Jesús Vásquez 0-0: Ball
1-0: Ball
2-0: Ball
3-0: Called Strike
3-1: Base on Balls
Batting: RHB Freddy Torres 0-0: Ball
Miguel Morán steals 3rd base
1-0: Grounds into double play, 5-4-3 (Groundball, 56)
Top of the 4th over - 0 runs, 1 hit, 0 errors, 1 left on base; Austin 1 - Atlanta 2
BOTTOM OF THE 4TH
Atlanta Smoke batting - Pitching for Austin Rangers : LHP Will Hunting
Batting: RHB Bobby Butterfield 0-0: Called Strike
0-1: Called Strike
0-2: Ball
1-2: Foul Ball, location: 2F
1-2: Ball
2-2: Foul Ball, location: 2F
2-2: Foul Ball, location: 2F
2-2: Fly out, F9 (Flyball, 9LS)
Batting: RHB Gerardo Castillo 0-0: Ball
1-0: SINGLE (Line Drive, 6M)
Batting: SHB Melito Báez 0-0: Ball
1-0: Ball
2-0: SINGLE (Flyball, 89M)
Gerardo Castillo to second
Runner from 2nd tries for 3rd, OUT!
Batting: RHB Bartolo Morales 0-0: Ball
1-0: Fielders Choice at 2nd, 6-4 (Groundball, 6)
Bottom of the 4th over - 0 runs, 2 hits, 0 errors, 1 left on base; Austin 1 - Atlanta 2
TOP OF THE 5TH
Austin Rangers batting - Pitching for Atlanta Smoke : LHP Allen Blair
Batting: LHB Stefan Vanderhoof 0-0: Called Strike
0-1: Ball
1-1: Foul Ball, location: 2F
1-2: Ball
2-2: Foul Ball, location: 2F
2-2: Foul Ball, location: 2F
2-2: Foul Ball, location: 2F
2-2: Strikes out swinging, 2-3 out at first.
Batting: RHB Jesús Villalba 0-0: Foul Ball, location: 2F
0-1: SINGLE (Groundball, 5D)
Batting: RHB Tony Hernández 0-0: Swinging Strike
0-1: Ball
1-1: Ball
2-1: Ball
3-1: Fly out, F8 (Flyball, 8RM)
Batting: RHB Yoshihito Samurakami 0-0: Ball
1-0: Foul Ball, location: 2F
1-1: Ball
2-1: Fly out, F8 (Flyball, 78D)
Top of the 5th over - 0 runs, 1 hit, 0 errors, 1 left on base; Austin 1 - Atlanta 2
BOTTOM OF THE 5TH
Atlanta Smoke batting - Pitching for Austin Rangers : LHP Will Hunting
Batting: RHB Casey Cavell 0-0: Called Strike
0-1: Ball
1-1: Called Strike
1-2: Fly out, F8 (Flyball, 78D)
Batting: LHB Albert Morán 0-0: Foul Ball, location: 2F
0-1: Ball
1-1: Swinging Strike
1-2: Ball
2-2: Strikes out looking
Batting: LHB Yataro Kodo 0-0: Ball
1-0: Fly out, F7 (Flyball, 7)
Bottom of the 5th over - 0 runs, 0 hits, 0 errors, 0 left on base; Austin 1 - Atlanta 2
TOP OF THE 6TH
Austin Rangers batting - Pitching for Atlanta Smoke : LHP Allen Blair
Batting: LHB Count Dante 0-0: Ground out 5-3 (Groundball, 5)
Batting: RHB Miguel Morán 0-0: Ball
1-0: Ball
2-0: Ground out 6-3 (Groundball, 6)
Batting: LHB Jesús Reyes 0-0: Ball
1-0: Foul Ball, location: 2F
1-1: Fly out, F6 (Line Drive, 6)
Top of the 6th over - 0 runs, 0 hits, 0 errors, 0 left on base; Austin 1 - Atlanta 2
BOTTOM OF THE 6TH
Atlanta Smoke batting - Pitching for Austin Rangers : LHP Will Hunting
Batting: SHB Valentín Guzmán 0-0: Called Strike
0-1: Ball
1-1: Ball
2-1: Ball
3-1: Swinging Strike
3-2: Ground out 5-3 (Groundball, 5L)
Batting: RHB Gabriel Maldonado 0-0: Ground out 4-3 (Groundball, 4)
Batting: RHB Bobby Butterfield 0-0: Ball
1-0: Ball
2-0: Foul Ball, location: 2F
2-1: Swinging Strike
2-2: Foul Ball, location: 2F
2-2: Strikes out swinging
Bottom of the 6th over - 0 runs, 0 hits, 0 errors, 0 left on base; Austin 1 - Atlanta 2
TOP OF THE 7TH
Austin Rangers batting - Pitching for Atlanta Smoke : LHP Allen Blair
Batting: RHB Jesús Vásquez 0-0: Ball
1-0: Ball
2-0: SINGLE (Groundball, 6MD)
Batting: RHB Freddy Torres 0-0: Ball
1-0: Ball
2-0: Sac Bunt - play at first, batter OUT! 5-4
Jesús Vásquez to second
Pitching: RHP Manny Amici
Batting: LHB Stefan Vanderhoof 0-0: Ball
1-0: Ball
2-0: Foul Ball, location: 2F
2-1: Foul Ball, location: 2F
2-2: SINGLE (Line Drive, 9S)
Jesús Vásquez to third
Pinch Hitting: SHB Xavier Vásquez 0-0: Called Strike
0-1: Ball
1-1: Ball
2-1: Ball
3-1: Base on Balls
Stefan Vanderhoof to second
Batting: RHB Tony Hernández 0-0: Ball
1-0: Foul Ball, location: 2F
1-1: Swinging Strike
1-2: Ball
2-2: Ball
3-2: DOUBLE (Line Drive, 9D)
Jesús Vásquez scores
Stefan Vanderhoof scores
Xavier Vásquez to third
Batting: RHB Yoshihito Samurakami 0-0: Called Strike
0-1: Ball
1-1: Ball
2-1: Swinging Strike
2-2: Strikes out swinging
Batting: LHB Count Dante 0-0: Called Strike
0-1: Swinging Strike
0-2: Ball
1-2: Strikes out looking
Top of the 7th over - 2 runs, 3 hits, 0 errors, 2 left on base; Austin 3 - Atlanta 2
BOTTOM OF THE 7TH
Atlanta Smoke batting - Pitching for Austin Rangers : LHP Will Hunting
Now in LF: Héctor Cortéz
Batting: RHB Gerardo Castillo 0-0: Called Strike
0-1: Foul Ball, location: 2F
0-2: SINGLE (Groundball, 56D)
Batting: SHB Melito Báez 0-0: Fly out, F4 (Popup, 4S)
Batting: RHB Bartolo Morales 0-0: Fly out, F7 (Flyball, 7LD)
Batting: RHB Casey Cavell 0-0: Ball
1-0: Foul Ball, location: 2F
1-1: Ball
2-1: Swinging Strike
2-2: Foul Ball, location: 2F
2-2: SINGLE (Groundball, 6MS) (infield hit)
Gerardo Castillo to second
Batting: LHB Albert Morán 0-0: Ball
1-0: Ball
2-0: Called Strike
2-1: Foul Ball, location: 2F
2-2: Foul Ball, location: 2F
2-2: Strikes out swinging
Bottom of the 7th over - 0 runs, 2 hits, 0 errors, 2 left on base; Austin 3 - Atlanta 2
TOP OF THE 8TH
Austin Rangers batting - Pitching for Atlanta Smoke : RHP Manny Amici
Batting: RHB Miguel Morán 0-0: Ball
1-0: Ground out 5-3 (Groundball, 56)
Batting: LHB Jesús Reyes 0-0: Ball
1-0: Foul Ball, location: 2F
1-1: Foul Ball, location: 2F
1-2: Fly out, F9 (Flyball, 9S)
Batting: RHB Jesús Vásquez 0-0: Ground out 6-3 (Groundball, 6)
Top of the 8th over - 0 runs, 0 hits, 0 errors, 0 left on base; Austin 3 - Atlanta 2
BOTTOM OF THE 8TH
Atlanta Smoke batting - Pitching for Austin Rangers : LHP Will Hunting
Batting: LHB Yataro Kodo 0-0: Called Strike
0-1: Ground out 4-3 (Groundball, 34)
Batting: SHB Valentín Guzmán 0-0: Ball
1-0: Called Strike
1-1: Foul Ball, location: 2F
1-2: Foul Ball, location: 2F
1-2: Strikes out swinging
Batting: RHB Gabriel Maldonado 0-0: Ball
1-0: Swinging Strike
1-1: Ball
2-1: Ball
3-1: Base on Balls
Pitching: RHP Gavin Blackburn
Batting: RHB Bobby Butterfield 0-0: Ball
1-0: SINGLE (Groundball, 4MD)
Gabriel Maldonado to second
Runner from 2nd tries for 3rd, SAFE, throw made at trailing runner, OUT!
Bottom of the 8th over - 0 runs, 1 hit, 0 errors, 1 left on base; Austin 3 - Atlanta 2
TOP OF THE 9TH
Austin Rangers batting - Pitching for Atlanta Smoke : RHP Manny Amici
Batting: RHB Freddy Torres 0-0: Foul Ball, location: 2F
0-1: Ball
1-1: Foul Ball, location: 2F
1-2: Strikes out swinging
Batting: LHB Stefan Vanderhoof 0-0: Ball
1-0: Called Strike
1-1: Swinging Strike
1-2: Ball
2-2: Ball
3-2: Ground out 4-3 (Groundball, 4)
Batting: LHB Héctor Cortéz 0-0: Called Strike
0-1: Ball
1-1: Ball
2-1: Called Strike
2-2: Fly out, F5 (Line Drive, 56)
Top of the 9th over - 0 runs, 0 hits, 0 errors, 0 left on base; Austin 3 - Atlanta 2
BOTTOM OF THE 9TH
Atlanta Smoke batting - Pitching for Austin Rangers : RHP Gavin Blackburn
Pitching: RHP Júlio Rodríguez
Batting: RHB Gerardo Castillo 0-0: Foul Ball, location: 2F
0-1: Ball
1-1: Called Strike
1-2: Strikes out swinging
Batting: SHB Melito Báez 0-0: Foul Ball, location: 2F
0-1: Called Strike
0-2: Fly out, F8 (Line Drive, 89M)
Batting: RHB Bartolo Morales 0-0: Ground out 5-3 (Groundball, 56)
Bottom of the 9th over - 0 runs, 0 hits, 0 errors, 0 left on base; Austin 3 - Atlanta 2
Tuesday, December 19th, 2017 - OOTP Baseball 18.8 Build 76